 Dungeon Crawl Stone Soup version 0.27.1-4-g1640c2035a (webtiles) character file.

Game seed: 12029622717386765360

162 zeram the Sneak (level 5, -1/28 HPs)
             Began as a Kobold Enchanter on Nov 16, 2021.
             Slain by an iguana (6 damage)
             ... on level 6 of the Dungeon.
             The game lasted 00:04:42 (3811 turns).

zeram the Sneak (Kobold Enchanter)                  Turns: 3811, Time: 00:04:43

Health: -1/28      AC:  3    Str:  5    XL:     5   Next: 71%
Magic:  6/8        EV: 15    Int: 17    God:
Gold:   111        SH:  0    Dex: 16    Spells: 3/9 levels left

rFire    . . .     SeeInvis .   a - +1 dagger
rCold    . . .     Faith    .   (shield restricted)
rNeg     . . .     Spirit   .   b - +1 robe
rPois    .         Reflect  .   (no helmet)
rElec    .         Harm     .   (no cloak)
rCorr    .         Rampage  .   (no gloves)
Will     .....                  (no boots)
Stlth    ++++......             (no amulet)
HPRegen  0.09/turn              (no ring)
MPRegen  0.11/turn              (no ring)

@: weak-willed
A: small, no large weapons, nightstalker 3
a: no special abilities


You were on level 6 of the Dungeon.
You visited 1 branch of the dungeon, and saw 5 of its levels.

You collected 111 gold pieces.

Inventory:

Hand Weapons
 a - a +1 dagger (weapon)
Missiles
 j - 62 stones
Armour
 b - a +1 robe (worn)
Jewellery
 e - a +6 ring of strength
Wands
 h - a wand of flame (17)
 k - a wand of mindburst (5)
Potions
 c - a potion of curing
 d - a potion of heal wounds
 i - a potion of flight {unknown}


   Skills:
 + Level 3.0 Short Blades
 + Level 3.2 Dodging
 + Level 6.2 Stealth
 + Level 2.5 Spellcasting
 + Level 3.7 Hexes
 - Level 0.2 Ice Magic


You had 3 spell levels left.
You knew the following spells:

 Your Spells              Type           Power      Damage    Failure   Level
a - Corona                Hex            15%        N/A       4%          1
b - Ensorcelled Hibernat  Hex/Ice        16%        N/A       12%         2
c - Tukima's Dance        Hex            14%        N/A       12%         3

Your spell library contained the following spells:

 Spells                   Type           Power      Damage    Failure   Level
 Slow                     Hex            14%        N/A       6%          2
 Confusing Touch          Hex            14%        N/A       12%         3
 Apportation              Tloc           4%         N/A       19%         1
 Dazzling Flash           Conj/Hex       16%        N/A       26%         3
 Yara's Violent Unravell  Hex/Tmut       4%         3d4       93%         5
 Alistair's Intoxication  Tmut/Pois      1%         N/A       99%         5
 Invisibility             Hex            7%         N/A       99%         6


Dungeon Overview and Level Annotations

Branches:
Dungeon (4/15)
 Temple: D:4-7

Altars:
Zin

Annotations:
D:4 Menkaure


Innate Abilities, Weirdness & Mutations

You are small and have problems with some larger weapons.
You are completely attuned to the shadows.


Message History

Your body is wracked with pain!
* * * LOW HITPOINT WARNING * * *
Menkaure calls on the powers of darkness!
Your body is wracked with pain!
* * * LOW HITPOINT WARNING * * *
Menkaure points at you and mumbles some strange words.
You barely resist.
There is a shaft here.
You fall into a shaft and drop 2 floors!
The shaft crumbles and collapses.
You hear the hiss of flowing sand.
There is an entrance to an ossuary on this level.
Hurry and find it before the portal is buried!
As you read the scroll labelled SAADUR FENU, it crumbles to dust.
It is a scroll of enchant armour.
Your +0 robe glows green for a moment.
As you read the scroll labelled ZUJAOR JUXICH, it crumbles to dust.
Magic quickly surges around you.
It was a scroll of vulnerability.
As you read the scroll labelled DOTWIT SESI TUJ, it crumbles to dust.
You hear a loud clanging noise!
It was a scroll of noise.
Something shouts, "Fly, thou gorbellied beetle-headed buzzard-bait!"
You hear an angry hiss.
You hear a bark!
You hear a shout!
As you read the scroll labelled KYLUHI ANNOUMU, it crumbles to dust.
It is a scroll of identify.
d - a potion of heal wounds A white imp comes into view.
You aren't carrying any scrolls.
Okay, then.
An iguana comes into view.
The iguana bites you but does no damage.
Casting: Ensorcelled Hibernation (safe; 12% risk of failure)
Confirm with . or Enter, or press ? or * to list all spells.
Aiming: Ensorcelled Hibernation (safe; 12% risk of failure)
Press: ? - help, Shift-Dir - straight line, f - iguana
Aim: an iguana (chance to affect: 49%)
The iguana resists with some effort.
A hound comes into view.
The white imp gestures at you. The puff of frost misses you.
The iguana bites you.
You die...

#.# #.# #
#.# . .. #l#
.#..
#..#@###....
............
............
h......5..#
.......#....
.##....#..##
#......5#
.... ..#


You could see an iguana, a hound (wandering) and a white imp.

Vanquished Creatures
  A jelly (D:3)
  A centaur skeleton (D:3)
  5 adders
  2 worms
  2 dart slugs
  3 ball pythons
  3 endoplasms
  A giant cockroach (D:1)
  6 goblins
  7 hobgoblins
  3 jackals (D:1)
  3 kobolds
  A quokka (D:1)
  5 bats
  3 frilled lizards
  7 rats
53 creatures vanquished.

Notes
Turn   | Place    | Note
-------+----------+-------------------------------------------
     0 | D:1      | zeram the Kobold Enchanter began the quest for the Orb.
     0 | D:1      | Reached XP level 1. HP: 10/10 MP: 3/3
   332 | D:1      | Reached XP level 2. HP: 12/15 MP: 5/5
   756 | D:1      | Reached XP level 3. HP: 10/19 MP: 6/6
   775 | D:1      | Learned a level 2 spell: Ensorcelled Hibernation
  2202 | D:2      | Reached skill level 5 in Stealth
  2437 | D:2      | Found a faded altar of an unknown god.
  2565 | D:2      | Reached XP level 4. HP: 24/24 MP: 7/7
  2583 | D:2      | Found a glowing silver altar of Zin.
  3036 | D:3      | Reached XP level 5. HP: 8/28 MP: 5/8
  3329 | D:3      | Learned a level 3 spell: Tukima's Dance
  3539 | D:3      | Reached skill level 6 in Stealth
  3780 | D:4      | Noticed Menkaure
  3788 | D:4      | HP: 1/28 [Menkaure (17)]
  3802 | D:4      | You fall into a shaft and drop 2 floors!
  3811 | D:6      | Slain by an iguana

Illustrated notes

Levels and vault maps discovered:
D:1:      lightli_arrival_isolated_outpost, layout_loops_corners
D:2:      layout_loops_ring, shapermc_ecumenical_altar_pompeii, basic_altar
D:3:      layout_basic, moated_statue
D:4:      layout_cave_pools, uniq_grinder, uniq_edmund, uniq_menkaure,
          uniq_eustachio, uniq_natasha
D:6:      lemuel_ice_spiral_2, layout_basic, vehumet_statue, serial_shops,
          nicolae_lakefront_shop, lightli_ossuary_entry_decrepit_ruins,
          lemuel_flamethrower_1, uniq_duvessa

Skill      XL: |  1  2  3  4  5 |
---------------+----------------+-----
Stealth        | 5 6 |  6.2
Short Blades   | 2 3 |  3.0
Dodging        | 3 |  3.2
Spellcasting   | |  2.5
Hexes          | |  3.7
Ice Magic      | |  0.2

Action                   |  1- 3 |  4- 6 || total
-------------------------+-------+-------++-------
Melee: Dagger            |   131 |    42 ||   173
 Cast: Ensorcelled Hiber |     4 |     5 ||     9
  Use: Scroll            |       |     5 ||     5
       Potion            |       |     1 ||     1
 Stab: Sleeping          |    16 |    13 ||    29
Armor: Robe              |     8 |    12 ||    20
Dodge: Dodged            |    97 |    41 ||   138
